 Dungeon Crawl Stone Soup version 0.24.0-37-gcf1ca852f1 (webtiles) character file.

Game seed: 9461613699689692939, levelgen mode: deterministic

22802 lepoulpe303 the Unseen (level 12, -8/61 HPs)
             Began as a Spriggan Enchanter on Dec 3, 2019.
             Was an Initiate of Gozag.
             Mangled by a hornet (14 damage)
             ... created by a shambling mangrove
             ... while paralysed by a hornet
             ... on level 2 of the Lair of Beasts.
             The game lasted 01:39:22 (19535 turns).

lepoulpe303 the Unseen (Spriggan Enchanter)        Turns: 19535, Time: 01:39:22

Health: -8/61      AC:  6    Str:  9    XL:     12   Next: 66%
Magic:  27/31      EV:  4    Int: 21    God:    Gozag
Gold:   1991       SH:  0    Dex: 21    Spells: 5/23 levels left

rFire    + . .     SeeInvis +   a - +4 dagger (distort) {!w}
rCold    . . .     Gourm    .   x - +3 buckler {AC+3} {AC+3}
rNeg     . . .     Faith    .   n - +1 robe {rF+} {rF+}
rPois    .         Spirit   .   (helmet restricted)
rElec    .         Reflect  .   (no cloak)
rCorr    +         Harm     .   (gloves unavailable)
MR       +++..                  (boots unavailable)
Stlth    +++++.....             (no amulet)
HPRegen  0.20/turn              I - ring "Fungulav" {MR+ rCorr Dex+4}
MPRegen  0.22/turn              K - ring of Orownatya {MP+9 Str+5 Stlth-}

@: paralysed, lethally poisoned (-8 -> -42), gold aura, slowed, very quick
A: very small, unfitting armour, see invisible, herbivore, speed 3, slow
metabolism 2
a: Potion Petition, Call Merchant, Bribe Branch, Renounce Religion


You were on level 2 of the Lair of Beasts.
You worshipped Gozag.
Gozag was most pleased with you.
You were not hungry.

You visited 3 branches of the dungeon, and saw 13 of its levels.

You collected 2685 gold pieces.
You spent 583 gold pieces at shops.
You paid 111 gold pieces to Gozag.

Inventory:

Hand Weapons
 a - a +4 dagger of distortion (weapon) {!w}
 b - a +2 dagger of holy wrath
 c - a +1 dagger of draining
 y - a +2 dagger of pain
 C - a +0 rapier of speed
 T - a +2 short sword of holy wrath
Missiles
 o - 28 poisoned darts (quivered)
Armour
 n - a +1 robe of fire resistance (worn) {rF+}
 x - a +3 buckler of protection (worn) {AC+3}
Magical Staves
 P - an uncursed staff of earth
Jewellery
 l - a +2 ring of protection
 m - an uncursed ring of protection from magic
 I - the ring "Fungulav" (left hand) {MR+ rCorr Dex+4}
   (You found it on level 8 of the Dungeon)

   [ring of resist corrosion]

   It affects your dexterity (+4).
   It affects your resistance to hostile enchantments.
   It provides partial protection from all sources of acid and corrosion.
 J - the ring "Lobaidoph" {+Fly Dex+2}
   (You found it on level 8 of the Dungeon)

   [ring of flight]

   It affects your dexterity (+2).
   It lets you fly.
 K - the ring of Orownatya (right hand) {MP+9 Str+5 Stlth-}
   (You found it on level 8 of the Dungeon)

   [ring of magical power]

   It affects your strength (+5).
   It affects your magic capacity (+9).
   It makes you less stealthy.
 Q - a +2 ring of intelligence
Wands
 p - a wand of flame (35)
 t - a wand of polymorph (3)
 u - a wand of acid (11)
 z - a wand of disintegration (6)
 D - a wand of digging (2)
 G - a wand of clouds (5)
 H - a wand of paralysis (15)
 U - a wand of scattershot (5)
Scrolls
 f - 2 scrolls of fog
 g - 3 scrolls of fear
 h - 2 scrolls of enchant armour
 i - a scroll of identify
 j - 3 scrolls of magic mapping {!r}
 k - 10 scrolls of teleportation {unknown}
 w - 8 scrolls of remove curse
 B - 2 scrolls of blinking {!r}
 E - a scroll of vulnerability {unknown}
 L - a scroll of enchant weapon
 N - 2 scrolls of immolation {unknown}
 R - a scroll of summoning {unknown}
Potions
 d - a potion of might
 q - 5 potions of curing
 r - a potion of flight
 s - 3 potions of agility
 v - 5 potions of lignification {!q}
 A - 3 potions of haste
 F - a potion of berserk rage {unknown}
 M - 2 potions of cancellation {unknown}
 O - a potion of mutation {unknown}
Miscellaneous
 S - a sack of spiders
Comestibles
 e - 11 rations


   Skills:
 - Level 6.0 Fighting
 - Level 10.0 Short Blades
 + Level 13.6 Dodging
 - Level 15.0 Stealth
 - Level 4.0 Shields
 - Level 6.0 Spellcasting
 - Level 10.0 Hexes
 - Level 4.1 Poison Magic
 - Level 4.0 Evocations


You had 5 spell levels left.
You knew the following spells:

 Your Spells              Type           Power        Failure   Level  Hunger
a - Ensorcelled Hibernat  Hex/Ice        ####..       2%          2    None
b - Tukima's Dance        Hex            #####...     1%          3    ##.....
c - Confuse               Hex            #####...     1%          3    ##.....
d - Dazzling Spray        Conj/Hex       ####..       4%          3    ##.....
e - Olgreb's Toxic Radia  Pois           ###.....     22%         4    ####...
f - Poisonous Vapours     Pois/Air       ##....       8%          2    None
v - Corona                Hex            #####..      1%          1    None

Your spell library contained the following spells:

 Spells                   Type           Power        Failure   Level  Hunger
 Spectral Weapon          Hex/Chrm       ####....     4%          3    ##.....
 Sting                    Conj/Pois      ##..         5%          1    None
 Freeze                   Ice            #...         12%         1    None
 Infusion                 Chrm           #...         12%         1    None
 Spider Form              Tmut/Pois      ##........   16%         3    ##.....
 Shroud of Golubria       Chrm/Tloc      #.....       19%         2    None
 Song of Slaying          Chrm           #.......     19%         2    None
 Throw Frost              Conj/Ice       #.....       19%         2    None
 Ignite Poison            Fire/Tmut/Pois ##......     21%         3    ##.....
 Ozocubu's Armour         Chrm/Ice       #.......     34%         3    ##.....
 Regeneration             Chrm/Necr      #.........   34%         3    ##.....
 Summon Ice Beast         Ice/Summ       #.......     75%         4    ####...
 Throw Icicle             Conj/Ice       #.......     75%         4    ####...
 Venom Bolt               Conj/Pois      ##........   82%         5    #####..


Dungeon Overview and Level Annotations

Branches:
Dungeon (9/15)             Temple (1/1) D:5            Lair (3/6) D:9
 Shoals (0/4) Lair:2       Spider (0/4) Lair:2
    Orc: D:9-12

Altars:
Ashenzari
Cheibriados
Dithmenos
Elyvilon
Fedhas
Gozag
Hepliaklqana
Kikubaaqudgha
Makhleb
Nemelex Xobeh
Okawaru
Qazlal
Ru
Sif Muna
Trog
Uskayaw
Vehumet
Wu Jian
Xom
Yredelemnul
Zin
The Shining One
Jiyva

Shops:
D:4 *

Annotations:
Lair:2 DIG, exclusion: oklob plant


Innate Abilities, Weirdness & Mutations

You are very small and have problems with some larger weapons.
You are too small for most types of armour.
You have supernaturally acute eyesight. (SInv)
You are a herbivore.
You cover ground extremely quickly.
You need to consume almost no food.


Message History

You feel as though you will be slow longer.
The hornet looks even sicker. x2
Your toxic aura wanes.
You feel very sick. The hornet stings you!
* * * LOW HITPOINT WARNING * * *
You feel as though you will be slow longer.
The hornet barely misses you. The hornet stings you!
* * * LOW HITPOINT WARNING * * *
You feel as though you will be slow longer.
* * * LOW HITPOINT WARNING * * *
You feel sick.
You kill the hornet!
The hornet stings you.
* * * LOW HITPOINT WARNING * * *
You are more poisoned.
You feel as though you will be slow longer.
The hornet stings you!
You die...
Your body crumbles into a pile of gold.

#...#.....#.f.#...#...#...#..#
##..#.#.#.###.###.###.###.###.###
#P..#.#....#...#...#...#...#...#$
.....#...#...#...#...#...#.....#?
....#.#.###.###.###.###.###.#....
.....#...#...#.y.#...#...#.....#f
....#.#....#...#...#...#...#...#.
P#..#.#.#.###.###y###.###.###.###
.#...#.....#...#@$.#...#...#..#
....###..#...#...#...#...#...##
.#..#.#.##..###.###.###.###.##
.....#.......#...#...#...#..#
....#.#....#...#...#...#...##
##..#.#...###.###.###.###.#####
##...###.......#...#...#..###.##
###...#.#....#...#...#...###..P#
..+....#.#..#.#.###.###.###...##


You could see a hornet.

Levels and vault maps discovered:
D:1:      sevenhm_arrival_forest_fort_large_2, layout_basic,
          kennysheep_decorative_pillar
D:2:      layout_loops_ring, first_ration, okawaru_trees_1
D:3:      layout_basic, marbit_many_paths, lemuel_crystal_altar,
          chequers_ecumenical_altar_island, kennysheep_generic_room_8,
          uniq_sigmund
D:4:      layout_gridville, gammafunk_ghost_nasty_kobolds,
          minmay_misc_feat_encased, guppyfry_shop_venom
D:5:      layout_cave_pools, chequers_temple_overflow_statue_of_worship,
          minmay_temple_entry_hall, hangedman_abyss_or_decor_stagger,
          uniq_blork_the_orc
D:6:      minmay_octagon_keep, layout_loops_ring, ebering_ghost_sewer_f
D:7:      layout_gridville, zin_treasury, old_standard_altar,
          nicolae_water_bricks
D:8:      minmay_the_grid_triangle_9x9_rhombus_full
          [minmay_the_grid_triangle_9x9_dagger,
          minmay_the_grid_triangle_9x9_cache,
          minmay_the_grid_triangle_9x9_shrine,
          minmay_the_grid_triangle_9x9_alien,
          minmay_the_grid_triangle_9x9_limited_checkers,
          minmay_the_grid_triangle_9x9_swiss_cheese,
          minmay_the_grid_triangle_9x9_intruding_spiral,
          minmay_the_grid_triangle_9x9_prize_special], layout_loops_ring,
          basic_altar, grunt_pizzeria, nicolae_two_hexagons
D:9:      layout_loops_ring, vehumet_altar_wand_db, dpeg_lair_monsters,
          serial_bayou, serial_bayou_pond_b, serial_bayou_pond_a,
          serial_bayou_pond_e, serial_bayou_ford_a, serial_bayou_pond_d,
          grunt_ministairs_3, grunt_decor_cap
Temple:   regret_index_temple_waves
Lair:1:   layout_regular_city, gammafunk_ghost_ooze
Lair:2:   hangedman_what_comes_after_a, layout_regular_city,
          elwin_shoals_entry_rocks, nicolae_spider_entry_orb_guardian,
          roderic_batcave, grunt_megastairs_5
Lair:3:   layout_layer_cave, st_stairs_6

Notes
Turn   | Place    | Note
-------+----------+-------------------------------------------
     0 | D:1      | lepoulpe303 the Spriggan Enchanter began the quest for the
                  | Orb.
     0 | D:1      | Reached XP level 1. HP: 9/9 MP: 5/5
   102 | D:1      | Identified a +0 buckler of protection (You found it on
                  | level 1 of the Dungeon)
   155 | D:1      | You fall into a shaft and drop 1 floor!
   326 | D:1      | Identified a +0 short sword
   334 | D:1      | Reached XP level 2. HP: 13/13 MP: 6/6
   338 | D:1      | Learned a level 2 spell: Ensorcelled Hibernation
   520 | D:1      | Reached skill level 5 in Stealth
   573 | D:1      | Identified a +0 club
   610 | D:1      | Identified a +0 club
   759 | D:1      | Reached skill level 2 in Short Blades
  1212 | D:2      | Reached XP level 3. HP: 16/16 MP: 8/8
  1217 | D:2      | Learned a level 3 spell: Confuse
  1249 | D:2      | Reached skill level 1 in Shields
  1403 | D:2      | Identified a +0 club
  1404 | D:2      | Identified a +0 club
  1630 | D:2      | Identified a +0 ring mail
  1635 | D:2      | Identified an uncursed ring of protection from magic
  1916 | D:2      | Identified a +0 short sword
  1972 | D:2      | Identified a +0 dagger
  2024 | D:2      | Reached XP level 4. HP: 21/21 MP: 5/9
  2028 | D:2      | Identified 2 scrolls of magic mapping
  2029 | D:2      | Identified 3 scrolls of fear
  2182 | D:2      | Identified a +0 club
  2213 | D:2      | Identified a +0 dagger
  2225 | D:2      | Identified a +0 club
  2230 | D:2      | Reached skill level 6 in Stealth
  2351 | D:2      | Identified a +0 club
  2365 | D:2      | Found an iron altar of Okawaru.
  2371 | D:2      | Reached skill level 3 in Short Blades
  2534 | D:2      | Identified a +0 whip
  2658 | D:3      | Found a hazy altar of Hepliaklqana.
  2693 | D:3      | Found a faded altar of an unknown god.
  2789 | D:3      | Identified a +2 hand axe of chopping
  2895 | D:3      | Found an ornate altar of the Wu Jian Council.
  2921 | D:3      | Identified a +0 club
  2922 | D:3      | Identified a +2 dagger of holy wrath
  2930 | D:3      | Reached XP level 5. HP: 24/24 MP: 10/10
  2951 | D:3      | Identified 2 scrolls of identify
  2951 | D:3      | Identified a +1 dagger of draining (You found it on level 2
                  | of the Dungeon)
  3021 | D:3      | Learned a level 3 spell: Tukima's Dance
  3062 | D:3      | Identified a +0 scythe
  3062 | D:3      | Identified a +1 robe of fire resistance
  3062 | D:3      | Noticed Sigmund
  3278 | D:3      | Identified a +0 whip
  3520 | D:3      | Killed Sigmund
  3520 | D:3      | Reached skill level 4 in Short Blades
  3520 | D:3      | Reached skill level 7 in Stealth
  3520 | D:3      | Reached skill level 2 in Shields
  3520 | D:3      | Reached XP level 6. HP: 28/28 MP: 11/11
  3591 | D:4      | Identified a +0 shortbow
  3643 | D:4      | Found a runed translucent gate.
  3643 | D:4      | Found a runed translucent gate.
  3643 | D:4      | Found a runed translucent gate.
  3644 | D:4      | Identified a +2 dagger of pain
  3644 | D:4      | Identified a +0 club
  3644 | D:4      | Identified a +0 club
  3645 | D:4      | Identified a +2 dagger of distortion
  3646 | D:4      | Identified a +0 whip
  3648 | D:4      | Noticed grindst0ne's ghost (amateur GnWn)
  3649 | D:4      | Identified a +0 dagger
  3740 | D:4      | Reached skill level 8 in Stealth
  3793 | D:4      | Reached skill level 5 in Short Blades
  3931 | D:4      | Reached skill level 3 in Spellcasting
  3931 | D:4      | Reached skill level 4 in Hexes
  3931 | D:4      | Reached XP level 7. HP: 32/32 MP: 9/12
  3959 | D:4      | Identified a +0 whip
  3959 | D:4      | Identified a +0 leather armour
  3959 | D:4      | Identified a +0 whip
  3959 | D:4      | Identified a +0 flail
  4044 | D:4      | Found Irittymu's Serpentskin Sales.
  4128 | D:3      | Reached skill level 4 in Spellcasting
  4137 | D:3      | Reached skill level 5 in Hexes
  4429 | D:4      | Identified a +0 giant spiked club
  4435 | D:4      | Reached skill level 6 in Hexes
  4508 | D:4      | Learned a level 3 spell: Dazzling Spray
  4643 | D:4      | Killed grindst0ne's ghost
  4643 | D:4      | Reached skill level 8 in Hexes
  4643 | D:4      | Reached XP level 8. HP: 30/36 MP: 3/15
  4928 | D:5      | Entered Level 5 of the Dungeon
  4943 | D:5      | Identified a +0 hand axe
  4944 | D:5      | Identified a +0 dagger of flaming
  4944 | D:5      | Identified a +0 chain mail
  5098 | D:5      | Reached skill level 1 in Fighting
  5154 | D:5      | Found a staircase to the Ecumenical Temple.
  5160 | Temple   | Entered the Ecumenical Temple
  5217 | Temple   | Became a worshipper of Gozag Ym Sagoz the Greedy
  5343 | D:5      | Identified a +0 mace
  5343 | D:5      | Identified a +0 robe
  5343 | D:5      | Noticed Blork the orc
  5395 | D:5      | Reached skill level 4 in Dodging
  5399 | D:5      | Reached skill level 3 in Shields
  5659 | D:5      | Identified a +0 hand axe
  5770 | D:5      | Killed Blork the orc
  5770 | D:5      | Reached skill level 2 in Fighting
  5834 | D:5      | Found a shimmering altar of Xom.
  5834 | D:5      | Found a sacrificial altar of Ru.
  5989 | D:6      | Reached skill level 5 in Dodging
  6112 | D:6      | Identified a +0 dagger
  6112 | D:6      | Identified a +0 robe
  6156 | D:6      | Identified a +0 shortbow
  6156 | D:6      | Identified a +0 dagger
  6156 | D:6      | Identified a +0 robe
  6210 | D:6      | Identified a +0 dagger
  6210 | D:6      | Identified a +0 robe
  6378 | D:6      | Reached skill level 6 in Dodging
  6381 | D:6      | Identified a +0 whip
  6381 | D:6      | Identified a +0 dire flail
  6381 | D:6      | Identified a +0 chain mail
  6415 | D:6      | Reached XP level 9. HP: 30/43 MP: 7/16
  6423 | D:6      | Reached skill level 3 in Fighting
  6547 | D:6      | Identified 3 potions of degeneration
  6549 | D:6      | Identified 4 potions of lignification
  6550 | D:6      | Identified a potion of flight
  6731 | D:6      | Reached skill level 4 in Shields
  6786 | D:6      | Reached skill level 7 in Dodging
  6809 | D:6      | Found a runed translucent door.
  6815 | D:6      | Noticed Hyawatha's ghost (amateur DsAK)
  6989 | D:6      | Found a runed translucent door.
  7159 | D:6      | Reached skill level 8 in Dodging
  7173 | D:6      | Banished Hyawatha's ghost
  7304 | D:6      | Found a runed translucent door.
  7504 | D:6      | Reached skill level 9 in Stealth
  8335 | D:7      | Reached skill level 1 in Evocations
  8401 | D:7      | Reached skill level 6 in Short Blades
  8422 | D:7      | Reached skill level 2 in Evocations
  8590 | D:7      | Found a white marble altar of Elyvilon.
  8647 | D:7      | Found a glowing silver altar of Zin.
  8979 | D:7      | Found a glowing silver altar of Zin.
  9256 | D:7      | Found a white marble altar of Elyvilon.
  9330 | D:8      | Reached skill level 10 in Stealth
  9390 | D:8      | Identified a +0 dagger
  9432 | D:8      | Found a burning altar of Makhleb.
  9435 | D:8      | Found a shattered altar of Ashenzari.
  9490 | D:8      | Identified a +0 club
  9491 | D:8      | Identified a cursed -1 trident
  9491 | D:8      | Identified a +0 plate armour
  9491 | D:8      | Identified a +0 dagger
  9491 | D:8      | Identified a +0 robe
  9492 | D:8      | Identified a +0 flail
  9494 | D:8      | Identified a +1 war axe of venom
  9521 | D:8      | Reached skill level 7 in Short Blades
  9824 | D:8      | Identified a +0 dagger
  9944 | D:4      | Bought the Tome of Poison for 583 gold pieces
  9949 | D:4      | Learned a level 4 spell: Olgreb's Toxic Radiance
 10018 | D:8      | Identified a +0 giant club
 10024 | D:8      | Reached skill level 11 in Stealth
 10024 | D:8      | Reached XP level 10. HP: 49/49 MP: 17/17
 10379 | D:8      | Reached skill level 1 in Poison Magic
 10399 | D:8      | Identified a +0 giant club
 10401 | D:8      | Identified a +0 giant club
 10401 | D:8      | Identified a +0 giant spiked club
 10401 | D:8      | Noticed a two-headed ogre
 10404 | D:8      | Identified a +0 short sword
 10410 | D:8      | Killed a two-headed ogre
 10410 | D:8      | Reached skill level 8 in Short Blades
 10493 | D:8      | Identified a +0 shortbow
 10514 | D:8      | Reached skill level 12 in Stealth
 10612 | D:8      | Got a translucent wooden ring
 10615 | D:8      | Got a flickering granite ring
 10632 | D:8      | Got a scintillating pewter ring
 10647 | D:8      | Got a vibrating gossamer ring
 10648 | D:8      | Identified 4 scrolls of remove curse
 10649 | D:8      | Identified the ring "Fungulav" {MR+ rCorr Dex+4} (You found
                  | it on level 8 of the Dungeon)
 10650 | D:8      | Identified the ring of Orownatya {MP+9 Str+5 Stlth-} (You
                  | found it on level 8 of the Dungeon)
 10652 | D:8      | Identified the ring "Lobaidoph" {+Fly Dex+2} (You found it
                  | on level 8 of the Dungeon)
 10654 | D:8      | Identified the cursed ring "Apnim" {-Tele +Inv rC+ Int-2
                  | SInv} (You found it on level 8 of the Dungeon)
 10656 | D:8      | Identified a ring of intelligence (You found it on level 4
                  | of the Dungeon)
 10658 | D:8      | Identified a ring of protection (You found it on level 2 of
                  | the Dungeon)
 10697 | D:8      | Identified 3 scrolls of enchant armour
 10698 | D:8      | Identified 2 scrolls of random uselessness
 10811 | D:8      | Reached skill level 2 in Poison Magic
 10909 | D:9      | Identified a +0 longbow
 10909 | D:9      | Noticed a centaur warrior
 10915 | D:9      | Killed a centaur warrior
 10931 | D:9      | Noticed a death yak
 11076 | D:9      | Reached skill level 5 in Spellcasting
 11148 | D:9      | Noticed a death yak
 11154 | D:9      | Noticed a death yak
 11293 | D:9      | Found a staircase to the Lair.
 11302 | D:9      | Banished a death yak
 11306 | D:9      | Reached skill level 9 in Dodging
 11383 | D:9      | Reached XP level 11. HP: 38/53 MP: 19/19
 11610 | D:9      | Learned a level 2 spell: Poisonous Vapours
 11706 | D:9      | Banished a death yak
 11706 | D:9      | Reached skill level 4 in Fighting
 11706 | D:9      | Reached skill level 3 in Poison Magic
 11889 | D:9      | Killed a death yak
 11889 | D:9      | Reached skill level 9 in Short Blades
 11889 | D:9      | Reached skill level 9 in Hexes
 11972 | D:9      | Identified a +0 shortbow
 12085 | D:9      | Found a radiant altar of Vehumet.
 12132 | D:9      | Reached skill level 13 in Stealth
 12227 | D:9      | Identified a +0 short sword
 12227 | D:9      | Identified a +0 plate armour
 12227 | D:9      | Identified a +0 dagger
 12228 | D:9      | Identified a +0 leather armour
 12500 | D:9      | Identified a +0 club
 12506 | D:9      | Identified a +0 war axe
 12506 | D:9      | Identified a +0 plate armour
 12507 | D:9      | Identified a +0 dagger
 12507 | D:9      | Identified a +0 robe
 12886 | D:9      | Found a staircase to the Lair.
 13147 | D:9      | Found a radiant altar of Vehumet.
 13309 | D:9      | Identified a +0 rapier of speed (You found it on level 6 of
                  | the Dungeon)
 13310 | D:9      | Identified 5 potions of curing
 13311 | D:9      | Identified 2 potions of agility
 13312 | D:9      | Identified a potion of might
 13313 | D:9      | Identified 2 scrolls of blinking
 13339 | Lair:1   | Entered Level 1 of the Lair of Beasts
 13493 | Lair:1   | Reached skill level 6 in Spellcasting
 13787 | Lair:1   | Found a runed translucent gate.
 13800 | Lair:1   | Found a runed translucent gate.
 13801 | Lair:1   | Found a runed translucent gate.
 14144 | Lair:1   | Reached skill level 4 in Poison Magic
 14455 | Lair:1   | Found a viscous altar of Jiyva.
 14456 | Lair:1   | Noticed Zusoliwk's ghost (journeyman CeHu)
 14576 | Lair:1   | HP: 12/54 [slime creature (17)]
 14658 | Lair:1   | Reached skill level 10 in Dodging
 14917 | Lair:1   | Killed Zusoliwk's ghost
 15191 | Lair:2   | Reached skill level 5 in Fighting
 15192 | Lair:2   | Found a staircase to the Shoals.
 15620 | Lair:2   | Reached skill level 10 in Hexes
 15768 | Lair:2   | Reached skill level 14 in Stealth
 15769 | Lair:2   | Reached XP level 12. HP: 56/60 MP: 17/22
 15797 | Lair:1   | HP: 15/60 [wyvern (12)]
 15802 | Lair:1   | HP: 15/60 [poisoned by a killer bee]
 15808 | Lair:1   | HP: 15/60 [poisoned by a killer bee]
 15814 | Lair:1   | HP: 15/60 [poisoned by a killer bee]
 15875 | Lair:1   | Reached skill level 3 in Evocations
 16220 | Lair:2   | Reached skill level 10 in Short Blades
 16248 | Lair:2   | Reached skill level 11 in Dodging
 16479 | Lair:2   | Reached skill level 4 in Evocations
 16945 | Lair:2   | Reached skill level 6 in Fighting
 17118 | Lair:2   | Identified 3 scrolls of fog
 17119 | Lair:2   | Identified 3 scrolls of enchant weapon
 17190 | Lair:2   | Found a hole to the Spider Nest.
 17222 | Lair:2   | Reached skill level 15 in Stealth
 17569 | Lair:2   | Reached skill level 12 in Dodging
 18073 | Lair:3   | Reached skill level 13 in Dodging
 18932 | Lair:2   | Noticed a shambling mangrove
 18932 | Lair:2   | an oklob plant changed into a shambling mangrove
 18936 | Lair:2   | HP: 9/61 [shambling mangrove (15)]
 19251 | Lair:2   | Banished a shambling mangrove
 19381 | Lair:2   | Noticed a shambling mangrove
 19381 | Lair:2   | an oklob plant changed into a shambling mangrove
 19533 | Lair:2   | Paralysed by a hornet for 3 turns
 19534 | Lair:2   | HP: 11/61 [hornet[a shambling mangrove] (14)]
 19535 | Lair:2   | Mangled by a hornet

Table legend:
 A = Turns spent in this place as a percentage of turns spent in the entire game.
 B = Non-inter-level travel turns spent in this place as a percentage of non-inter-level travel turns spent in the entire game.
 C = Inter-level travel turns spent in this place as a percentage of turns spent in this place.
 D = Turns resting spent in this place as a percentage of non-inter-level travel turns spent in this place.
 E = Turns spent auto-exploring this place as a percentage of non-inter-level travel turns spent in this place.
 F = Non-inter-level travel turns spent in this place divided by the number of levels of this place that you've seen.
                   A       B       C       D       E      F
               +-------+-------+-------+-------+-------+----------------------
         Total | 100.0 | 100.0 |   5.9 |  22.9 |  49.7 | 1413.8
       Dungeon |  70.1 |  69.8 |   6.3 |  18.5 |  56.2 | 1426.4
        Temple |   0.8 |   0.8 |   0.0 |   0.0 |  94.0 | 149.0
          Lair |  29.1 |  29.3 |   5.1 |  33.9 |  33.2 | 1797.7
               +-------+-------+-------+-------+-------+----------------------

Table legend:
 A = Kills in this place as a percentage of kills in entire the game.
 B = Kills by you in this place as a percentage of kills by you in the entire game.
 C = Kills by friends in this place as a percentage of kills by friends in the entire game.
 D = Other kills in this place as a percentage of other kills in the entire game.
 E = Experience gained in this place as a percentage of experience gained in the entire game.
 F = Experience gained in this place divided by the number of levels of this place that you have seen.
                   A       B       C       D       E      F
               +-------+-------+-------+-------+-------+----------------------
         Total | 100.0 | 100.0 | 100.0 | 100.0 | 100.0 | 2505.8
       Dungeon |  67.8 |  68.7 |   0.0 |  62.5 |  43.4 | 1570.1
          Lair |  32.2 |  31.3 | 100.0 |  37.5 |  56.6 | 6148.0
               +-------+-------+-------+-------+-------+----------------------

Skill      XL: |  1  2  3  4  5  6  7  8  9 10 11 12 |
---------------+-------------------------------------+-----
Stealth        | 5 6 7 8 11 12 14 15 | 15.0
Short Blades   | 2 3 4 5 7 8 9 10 | 10.0
Shields        | 1 2 3 4 |  4.0
Spellcasting   | 3 4 5 6 |  6.0
Hexes          | 4 8 10 | 10.0
Fighting       | 2 3 5 6 |  6.0
Dodging        | 6 8 9 10 13 | 13.6
Evocations     | 2 4 |  4.0
Poison Magic   | 2 4 |  4.1

Action                   |  1- 3 |  4- 6 |  7- 9 | 10-12 || total
-------------------------+-------+-------+-------+-------++-------
Melee: Dagger            |    22 |    32 |   326 |   683 ||  1063
       Short sword       |   190 |    95 |       |       ||   285
Throw: Dart              |       |    36 |    64 |   272 ||   372
 Cast: Ensorcelled Hiber |     3 |     1 |       |     9 ||    13
       Confuse           |     4 |     6 |    19 |    32 ||    61
       Corona            |     1 |       |       |       ||     1
       Dazzling Spray    |       |       |    11 |    17 ||    28
       Poisonous Vapours |       |       |       |    15 ||    15
       Olgreb's Toxic Ra |       |       |       |     8 ||     8
Evoke: Wand              |       |       |       |    12 ||    12
       Sack of spiders   |       |       |       |     1 ||     1
  Use: Scroll            |       |     3 |     3 |    16 ||    22
 Stab: Sleeping          |    14 |    18 |    16 |    18 ||    66
       Confused          |     2 |     5 |     6 |    10 ||    23
       Invisible         |       |       |     3 |     5 ||     8
       Distracted        |       |       |     5 |     7 ||    12
  Eat: Ration            |       |     1 |     4 |     7 ||    12
Armor: Robe              |    44 |     7 |    21 |    21 ||    93
Dodge: Dodged            |   128 |    65 |   158 |   373 ||   724
Block: Buckler           |    51 |    22 |    69 |   175 ||   317

Vanquished Creatures
  The ghost of Zusoliwk the Archer, a journeyman CeHu of Okawaru (Lair:1)
  A centaur warrior (D:9)
  A two-headed ogre (D:8)
  A death yak (D:9)
  An orb spider (Lair:2)
  An elephant (Lair:2)
  A black mamba (Lair:1)
  6 spiny frogs
  2 komodo dragons
  A rime drake (Lair:2)
  A queen bee (Lair:2)
  The ghost of grindst0ne the Slasher, an amateur GnWn (D:4)
  A troll (D:9)
  A hornet (Lair:2)
  6 hippogriffs
  A blink frog (Lair:2)
  2 slime creatures (Lair:1)
  Sigmund (D:3)
  A spriggan (D:8)
  A shadow (D:8)
  4 wyverns
  15 yaks
  3 basilisks
  9 water moccasins
  2 porcupines (Lair:2)
  A sky beast (D:6)
  3 orc warriors
  A black bear (D:8)
  4 phantoms
  A wolf (Lair:2)
  3 ogres
  3 centaurs
  7 crocodiles
  2 big kobolds (D:4)
  Blork the orc (D:5)
  8 bullfrogs
  31 killer bees
  6 scorpions
  4 howler monkeys
  A vampire bat (Lair:2)
  3 electric eels
  7 jellies
  5 crimson imps
  2 bullfrog zombies
  A quasit (D:9)
  An orc wizard (D:9)
  2 centaur skeletons
  7 hounds
  3 iguanas
  6 worker ants
  A hound zombie (D:9)
  2 hound skeletons
  A gnoll (D:6)
  15 adders
  2 howler monkey skeletons
  A river rat (D:6)
  4 shadow imps
  An ooze (D:2)
  An adder skeleton (D:8)
  7 worms
  A dart slug (D:4)
  4 leopard geckos
  14 orcs
  2 ball pythons
  5 giant cockroaches
  10 goblins
  6 hobgoblins
  4 jackals
  16 kobolds
  4 quokkas
  16 bats
  4 frilled lizards
  A leopard gecko skeleton (D:7)
  A leopard gecko zombie (D:8)
  2 quokka skeletons (D:5)
  A quokka zombie (D:5)
  7 rats
311 creatures vanquished.

Vanquished Creatures (collateral kills)
  An oklob plant (Lair:2)
1 creature vanquished.

Vanquished Creatures (others)
  A shambling mangrove (Lair:2)
  2 death yaks (D:9)
  An elephant (Lair:2)
  A komodo dragon (Lair:2)
  A troll (D:8)
  The ghost of Hyawatha the Skirmisher, an amateur DsAK of Lugonu (D:6)
  2 slime creatures (Lair:1)
  A hippogriff (Lair:2)
  3 yaks
  An ice beast (D:5)
  A sky beast (D:6)
  An orc warrior (D:6)
  2 bullfrogs
  8 killer bees
  A wight (D:6)
  A hound (D:6)
  A jelly (D:9)
  A bullfrog skeleton (D:8)
  An iguana (D:9)
  3 orc wizards
  A shadow imp (D:6)
  A leopard gecko (D:7)
  2 orcs
  A jackal (D:5)
  2 fungi
  4 plants (D:4)
45 creatures vanquished.

Grand Total: 357 creatures vanquished
